 Dungeon Crawl Stone Soup version 0.25-a0-294-gea9b1ad378 (webtiles) character file.

Game seed: 1184254727280346511, levelgen mode: deterministic

23634 CheeseeCupcake the Basher (level 13, -12/83 HPs)
             Began as a Gargoyle Fighter on Dec 16, 2019.
             Was an Initiate of Gozag.
             Mangled by Snorg (20 damage)
             ... on level 12 of the Dungeon.
             The game lasted 00:58:18 (15686 turns).

CheeseeCupcake the Basher (Gargoyle Fighter)       Turns: 15686, Time: 00:58:19

Health: -12/83     AC: 32    Str: 26    XL:     13   Next: 8%
Magic:  13/13      EV:  7    Int:  8    God:    Gozag
Gold:   2873       SH: 13    Dex:  9    Spells: 12/12 levels left

rFire    . . .     SeeInvis .   v - +1 mace (protect)
rCold    . . .     Gourm    .   c - +0 shield
rNeg     + . .     Faith    .   q - +0 plate armour
rPois    ∞         Spirit   .   (no helmet)
rElec    +         Reflect  .   (no cloak)
rCorr    +         Harm     .   A - +2 pair of gloves
MR       .....                  H - +0 pair of boots
Stlth    ..........             (no amulet)
HPRegen  0.23/turn              b - ring of resist corrosion
MPRegen  0.13/turn              k - +4 ring of protection

@: no status effects
A: negative energy resistance 1, electricity resistance, unbreathing,
petrification resistance, no potion heal 1, rot immunity, AC +9
a: Potion Petition, Call Merchant, Bribe Branch, Renounce Religion


You were on level 12 of the Dungeon.
You worshipped Gozag.
Gozag was most pleased with you.
You were not hungry.

You visited 3 branches of the dungeon, and saw 16 of its levels.
You also visited: Ice Cave.

You collected 2963 gold pieces.
You paid 90 gold pieces to Gozag.

Inventory:

Hand Weapons
 a - a +0 flail
 v - a +1 mace of protection (weapon)
Armour
 c - a +0 shield (worn)
 q - a +0 plate armour (worn)
 A - a +2 pair of gloves (worn)
 H - a +0 pair of boots (worn)
Jewellery
 b - a ring of resist corrosion (left hand)
 k - a +4 ring of protection (right hand)
 E - an uncursed ring of protection from cold
 M - an uncursed ring of protection from fire
Wands
 d - a wand of iceblast (10)
 h - a wand of enslavement (6)
 s - a wand of acid (14)
 I - a wand of flame (19)
 L - a wand of paralysis (7)
 N - a wand of digging (5)
 Q - a wand of polymorph (6)
Scrolls
 g - 3 scrolls of identify
 i - a scroll of enchant armour
 l - 4 scrolls of remove curse
 m - a scroll of vulnerability {unknown}
 w - 2 scrolls of teleportation
 y - a scroll of fear
 C - a scroll of magic mapping
 D - 3 scrolls of blinking
Potions
 e - a potion of resistance {unknown}
 j - 2 potions of heal wounds
 n - 6 potions of curing
 o - 3 potions of mutation
 p - a potion of magic {unknown}
 r - a potion of ambrosia {unknown}
 t - a potion of berserk rage {unknown}
 u - a potion of brilliance {unknown}
 x - 4 potions of haste
 z - a potion of degeneration {unknown}
 G - 2 potions of agility {unknown}
 J - 2 potions of lignification
 P - a potion of flight {unknown}
 S - a potion of invisibility {unknown}
Comestibles
 f - 14 rations


   Skills:
 + Level 10.6 Fighting
 - Level 14.0 Maces & Flails
 + Level 9.2 Armour
 * Level 12.2 Shields


You had 12 spell levels left.
You didn't know any spells.
Your spell library contained the following spells:

 Spells                   Type           Power        Failure   Level  Hunger
 Sandblast                Erth           #.....       99%         1    ##.....
 Passwall                 Tmut/Erth      #.......     100%        2    ###....
 Stone Arrow              Conj/Erth      #.....       100%        3    ####...
 Petrify                  Tmut/Erth      #.......     100%        4    #####..
 Lee's Rapid Deconstruct  Erth           #.........   100%        5    ######.


Dungeon Overview and Level Annotations

Branches:
Dungeon (12/15)            Temple (1/1) D:5            Lair (3/6) D:10
  IceCv (visited)
  Swamp: Lair:2-4    Shoals: Lair:2-4     Snake: Lair:2-4    Spider: Lair:2-4
    Orc: D:9-12

Altars:
Ashenzari
Cheibriados
Fedhas
Gozag
Kikubaaqudgha
Okawaru
Ru
Wu Jian
Xom
Yredelemnul
Zin
The Shining One

Shops:
D:5 [

Annotations:
D:9 exclusion: downstairs
D:11 exclusions: door and oklob plant
D:12 Snorg
Lair:2 1 runed translucent door, exclusion: door, walterwhite's ghost, journeyman GnTm


Innate Abilities, Weirdness & Mutations

You are resistant to torment.
Your stone body is resilient. (AC +9)
You are immune to poison.
You resist negative energy. (rN+)
You are resistant to electric shocks. (rElec)
You can survive without breathing.
You are immune to petrification.
You are immune to rotting.
Potions are less effective at restoring your health.


Message History

Snorg closely misses you. Snorg claws you but does no damage. Snorg claws you!
* * * LOW HITPOINT WARNING * * *
You closely miss Snorg.
Snorg is almost dead.
You block Snorg's attack. Snorg claws you.
* * * LOW HITPOINT WARNING * * *
Snorg claws you.
* * * LOW HITPOINT WARNING * * *
Snorg bites you.
* * * LOW HITPOINT WARNING * * *
Snorg closely misses you. Snorg claws you but does no damage.
Snorg barely misses you. Snorg claws you!
* * * LOW HITPOINT WARNING * * *
Snorg claws you.
* * * LOW HITPOINT WARNING * * *
Snorg bites you but does no damage. You block Snorg's attack. x2
Snorg rages.
Snorg bites you!!
You die...
Your body crumbles into a pile of gold.

######## #......# #######
#......# .......###
#......###### .........#
#...........## .........#
#............. #....<.#
#........≈≈≈≈≈
#......######........≈####
#.........@T.........≈#
#.............).......+
#.....................+ $
#.....................+
#...............####.≈#
...........####### #.≈#
...#+#####..# #.≈≈≈≈≈≈ $..
#..# #......# .. #..#
###....#


You could see Snorg (berserk).

Vanquished Creatures
  Gastronok (D:11)
  Erolcha (D:10)
  The ghost of lis82 the Thaumaturge, a journeyman DgIE (D:9)
  A two-headed ogre (D:11)
  An ugly thing (D:11)
  A cyclops (D:11)
  2 elephants
  3 spiny frogs (Lair:1)
  2 gargoyles
  2 centaur skeletons (D:10)
  3 ice devils (IceCv)
  3 trolls
  A hornet (D:11)
  5 slime creatures (D:11)
  6 hippogriffs
  13 spriggans
  A wraith (D:11)
  A wyvern (D:11)
  3 basilisks
  11 yaks
  A neqoxec (D:9)
  A hungry ghost (D:8)
  A soldier ant (D:9)
  2 water moccasins
  5 porcupines (Lair:1)
  7 orc warriors
  3 sky beasts
  3 black bears
  5 ogres
  5 centaurs
  3 crocodiles
  2 big kobolds
  7 bullfrogs
  2 scorpions
  A water moccasin skeleton (D:4)
  57 killer bees
  11 wights
  A howler monkey (D:6)
  3 crimson imps
  2 centaur zombies
  8 quasits
  7 jellies (D:11)
  5 orc priests
  3 hounds
  9 orc wizards
  2 bullfrog skeletons
  2 iguanas
  7 worker ants
  2 killer bee zombies (D:9)
  2 hound zombies
  2 hound skeletons
  3 gnolls
  15 adders
  4 shadow imps
  9 oozes
  An adder skeleton (D:4)
  An adder zombie (D:9)
  A worm (D:6)
  3 dart slugs
  7 leopard geckos
  32 orcs
  6 giant cockroaches
  13 goblins
  9 hobgoblins
  15 jackals
  19 kobolds
  3 quokkas
  11 bats
  4 frilled lizards
  A quokka zombie (D:6)
  10 rats
400 creatures vanquished.

Vanquished Creatures (others)
  10 fungi
  2 plants (Lair:2)
12 creatures vanquished.

Grand Total: 412 creatures vanquished

Notes
Turn   | Place    | Note
-------+----------+-------------------------------------------
     0 | D:1      | CheeseeCupcake the Gargoyle Fighter began the quest for the
                  | Orb.
     0 | D:1      | Reached XP level 1. HP: 14/14 MP: 1/1
   196 | D:1      | Reached XP level 2. HP: 19/19 MP: 2/2
   419 | D:1      | Reached skill level 3 in Maces & Flails
   447 | D:1      | Reached XP level 3. HP: 24/24 MP: 3/3
   989 | D:2      | Reached XP level 4. HP: 21/29 MP: 4/4
  1185 | D:2      | Reached skill level 4 in Maces & Flails
  1548 | D:2      | Reached XP level 5. HP: 34/34 MP: 5/5
  2563 | D:4      | Reached skill level 5 in Maces & Flails
  2563 | D:4      | Reached XP level 6. HP: 34/40 MP: 6/6
  2566 | D:4      | Reached skill level 5 in Fighting
  3050 | D:4      | Reached skill level 6 in Maces & Flails
  3050 | D:4      | Reached XP level 7. HP: 38/44 MP: 7/7
  3285 | D:5      | Entered Level 5 of the Dungeon
  3285 | D:5      | Found a staircase to the Ecumenical Temple.
  3297 | Temple   | Entered the Ecumenical Temple
  3315 | Temple   | Became a worshipper of Gozag Ym Sagoz the Greedy
  3428 | D:5      | Found Saptal's Antique Armour Shop.
  3454 | D:5      | Found an iron altar of Okawaru.
  3740 | D:5      | Found a basalt altar of Yredelemnul.
  3756 | D:5      | Reached skill level 7 in Maces & Flails
  4174 | D:6      | Reached XP level 8. HP: 50/51 MP: 8/8
  4247 | D:6      | Reached skill level 8 in Maces & Flails
  4436 | D:6      | Reached skill level 9 in Maces & Flails
  5021 | D:7      | Reached skill level 10 in Maces & Flails
  5215 | D:7      | Noticed a hippogriff
  5276 | D:6      | Reached XP level 9. HP: 51/55 MP: 9/9
  5925 | D:7      | Reached skill level 11 in Maces & Flails
  6401 | D:8      | Reached skill level 12 in Maces & Flails
  6767 | D:8      | Reached XP level 10. HP: 60/60 MP: 10/10
  7091 | D:9      | Found a transporter.
  7096 | D:9      | Noticed lis82's ghost (journeyman DgIE)
  7114 | D:9      | Reached skill level 13 in Maces & Flails
  7184 | D:9      | Found a transporter.
  7199 | D:9      | Gained mutation: Potions are less effective at restoring
                  | your health. [a neqoxec]
  7270 | D:9      | Killed lis82's ghost
  7492 | D:9      | Got the ring of Aceus {Dex-2}
  7581 | D:9      | Noticed a two-headed ogre
  8069 | D:9      | Reached skill level 14 in Maces & Flails
  8348 | D:10     | Entered Level 10 of the Dungeon
  8647 | D:10     | Reached skill level 5 in Shields
  8856 | D:9      | Reached XP level 11. HP: 35/67 MP: 11/11
  9157 | D:10     | Noticed Erolcha
  9299 | D:10     | Reached skill level 5 in Armour
  9446 | D:10     | Found a staircase to the Lair.
  9503 | Lair:1   | Entered Level 1 of the Lair of Beasts
 11419 | Lair:2   | Reached XP level 12. HP: 70/75 MP: 12/12
 11876 | Lair:2   | Found a runed translucent door.
 11877 | Lair:2   | Found a shimmering altar of Xom.
 11877 | Lair:2   | Noticed walterwhite's ghost (journeyman GnTm)
 12178 | Lair:2   | Reached skill level 10 in Shields
 12404 | Lair:3   | Noticed an eight-headed hydra
 12456 | D:10     | Killed Erolcha
 12551 | D:10     | Got a dazzling leather armour
 12721 | D:10     | Identified the cursed +0 leather armour of Dyspraxia
                  | {Regen+ Dex+2} (You found it on level 10 of the Dungeon)
 12995 | D:11     | Noticed Gastronok
 13074 | D:11     | Found a frozen archway.
 13088 | IceCv    | Entered an ice cave
 13873 | D:11     | Reached skill level 10 in Fighting
 14036 | D:11     | Noticed a two-headed ogre
 14047 | D:11     | Killed a two-headed ogre
 14070 | D:11     | Killed Gastronok
 14814 | D:11     | Reached XP level 13. HP: 76/83 MP: 13/13
 15644 | D:12     | Noticed Snorg
 15686 | D:12     | Mangled by Snorg

Levels and vault maps discovered:
D:1:      dpeg_arrival_court, layout_basic, minmay_bisected
D:2:      layout_rooms, first_ration, minmay_pentomino_o4
D:3:      layout_basic
D:4:      layout_rooms, minmay_goblin_outpost
D:5:      layout_loops_ring, lemuel_crystal_altar,
          minmay_temple_entry_overgrown, serial_shops, shop, basic_altar
D:6:      layout_basic
D:7:      layout_basic, the_bakery
D:8:      layout_rooms
D:9:      layout_basic, gammafunk_ghost_stat_death
D:10:     layout_long_grid, david_lair_generic, uniq_erolcha
D:11:     lemuel_slime, layout_irregular_city, portal_ice_cave_entry_pillars_2,
          uniq_gastronok
D:12:     layout_irregular_city, orc_0_dummy, minmay_orc_keep, uniq_rupert,
          uniq_snorg
Temple:   grunt_wide_crystal_templ
Lair:1:   layout_small_grid, beast_lair_carwin_1
Lair:2:   wad_woods_minihive, layout_chaotic_city, gauntlet_entry_generic,
          ebering_ghost_xom, lemuel_fruit_tree, infiniplex_staircase_pool
Lair:3:   layout_gridlike, minmay_shoals_entry_beasts, dummy_snake_entry,
          minmay_lair_oklob_bushes, eino_small_chamber_without_monster,
          grunt_megastairs_4

Skill      XL: |  1  2  3  4  5  6  7  8  9 10 11 12 13 |
---------------+----------------------------------------+-----
Maces & Flails | 3 4 5 6 7 10 12 14 | 14.0
Fighting       | 4 5 6 7 8 10 | 10.6
Shields        | 5 9 11 12 | 12.2
Armour         | 4 7 9 |  9.2

Action                   |  1- 3 |  4- 6 |  7- 9 | 10-12 | 13-15 || total
-------------------------+-------+-------+-------+-------+-------++-------
Melee: Flail             |   132 |   279 |    56 |       |       ||   467
       Mace              |       |       |   606 |  1698 |   145 ||  2449
Invok: Potion Petition   |       |       |       |     1 |       ||     1
Evoke: Wand              |       |       |       |     1 |       ||     1
  Use: Scroll            |       |       |    11 |    10 |       ||    21
       Potion            |       |       |     1 |     6 |       ||     7
 Stab: Distracted        |       |       |     3 |     5 |     1 ||     9
  Eat: Chunk             |       |     8 |       |       |       ||     8
       Ration            |       |       |     6 |     9 |     1 ||    16
Armor: Scale mail        |    92 |    61 |       |       |       ||   153
       Plate armour      |       |   129 |   545 |  1534 |    57 ||  2265
       Skin              |       |       |       |     1 |       ||     1
Dodge: Dodged            |    48 |    64 |   119 |   590 |    29 ||   850
Block: Shield            |   100 |   173 |   293 |  1186 |    78 ||  1830

Table legend:
 A = Non-vault XP
 B = Vault XP
 C = Vault XP percentage of total XP
 D = Non-vault monster count
 E = Vault monster count
 F = Vault count percentage of total count
                 A         B        C        D         E       F
            +---------+---------+-------+---------+---------+-------
      Total |   19520 |   14243 |  42.2 |     293 |     107 |  26.8
            +---------+---------+-------+---------+---------+-------
        D:1 |      72 |       4 |   5.3 |      30 |       2 |   6.2
        D:2 |      93 |       6 |   6.1 |      27 |       2 |   6.9
        D:3 |     104 |       0 |   0.0 |      17 |       0 |   0.0
        D:4 |     351 |      15 |   4.1 |      17 |       8 |  32.0
        D:5 |     408 |       0 |   0.0 |      14 |       0 |   0.0
        D:6 |    1050 |       0 |   0.0 |      25 |       0 |   0.0
        D:7 |    1018 |     224 |  18.0 |      27 |       1 |   3.6
        D:8 |    1563 |       0 |   0.0 |      24 |       0 |   0.0
        D:9 |    2653 |    1134 |  29.9 |      38 |       5 |  11.6
       D:10 |    2589 |    2152 |  45.4 |      22 |       5 |  18.5
       D:11 |    4898 |    2653 |  35.1 |      28 |      15 |  34.9
       D:12 |     585 |       0 |   0.0 |       3 |       0 |   0.0
     Temple |      45 |       0 |   0.0 |       1 |       0 |   0.0
     Lair:1 |    2509 |    1376 |  35.4 |      12 |      11 |  47.8
     Lair:2 |    1582 |    5657 |  78.1 |       8 |      55 |  87.3
      IceCv |       0 |    1022 | 100.0 |       0 |       3 | 100.0
            +---------+---------+-------+---------+---------+-------
